Map: [ESL] Ghost River

Players

Scarlett - Winner!

  • Race: Zerg Zerg
  • Spawn Location: 1:00

Future

  • Race: Terran Terran
  • Spawn Location: 11:00

Event: ESL SC2 Masters 2024 Spring (Regional)

VOD

Have the link to the VOD?

Description

Time

  • Played on: May 3, 2024, 4:35 p.m.
  • Length: 15:07

All games in this series

Show
View Real Time Build Order
Export as new Build Order

Scarlett Zerg - Winner!

Build Orders: Hatch First 

Get SALT Encoding   

  12  0:00  Drone  
  13  0:08  Drone  
  14  0:14  Extractor, Drone  
  15  0:35  Hatchery  
  15  0:39  Extractor  
  15  0:41  Drone  
  15  0:47  Overlord  
  15  1:02  Spawning Pool  
  14  1:05  Drone  
  14  1:08  Drone  
  16  1:12  Drone  
  16  1:17  Drone  
  18  1:28  Drone  
  18  1:31  Extractor  
  18  1:39  Drone  
  19  1:48  Queen x2  
  19  1:50  Zergling x2  
  19  1:52  Zergling x2  
  25  1:59  Zergling x2  
  26  2:09  Overlord  
  26  2:13  Drone  
  27  2:25  Drone  
  27  2:29  Drone x2  
  30  2:34  Queen  
  30  2:37  Overlord  
  32  2:46  Drone x3  
  35  2:58  Drone x5  
  40  3:04  Overlord  
  40  3:06  Drone x2  
  42  3:13  Lair  
  42  3:27  Overlord  
  42  3:28  Drone x5  
  47  3:39  Roach Warren  
  47  3:40  Extractor, Drone x4  
  49  3:41  Extractor  
  49  3:46  Queen  
  50  3:51  Drone  
  50  3:52  Drone  
  51  4:04  Drone x6  
  57  4:11  Overlord  
  57  4:14  Queen  
  59  4:19  Overlord  
  59  4:21  Overlord  
  59  4:23  Overlord x2  
  59  4:24  Pneumatized Carapace  
  59  4:25  Glial Reconstitution  
  59  4:27  Overlord  
  59  4:32  Roach  
  59  4:37  Roach  
  63  4:40  Roach  
  63  4:44  Roach  
  67  4:46  Extractor  
  67  4:49  Roach  
  68  4:53  Overseer  
  68  4:54  Roach  
  68  4:57  Overlord  
  70  5:00  Roach x2  
  74  5:10  Roach x3  
  80  5:22  Overlord  
  80  5:23  Roach x3  
  86  5:34  Hatchery  
  86  5:35  Overlord, Roach x4  
  93  5:55  Overlord, Drone  
  93  5:56  Drone x2  
  96  5:57  Spore Crawler  
  96  6:02  Overseer  
  94  6:04  Drone x3  
  94  6:05  Drone  
  95  6:12  Ravager x4  
  95  6:17  Drone x2  
  101  6:18  Spore Crawler  
  101  6:22  Overlord  
  101  6:23  Ravager  
  101  6:26  Drone  
  101  6:30  Hatchery  
  101  6:32  Ravager x2  
  99  6:40  Drone x7  
  99  6:42  Evolution Chamber  
  99  6:44  Evolution Chamber  
  104  6:48  Drone  
  104  6:49  Drone x2  
  104  6:51  Queen x2  
  111  7:03  Drone x4  
  111  7:07  Infestation Pit  
  114  7:10  Zerg Missile Weapons Level 1, Zerg Ground Armor Level 1  
  114  7:14  Drone x2  
  116  7:18  Extractor  
  115  7:24  Extractor, Drone  
  115  7:25  Overseer, Drone x3  
  115  7:27  Metabolic Boost  
  116  7:42  Roach x6  
  118  7:51  Roach x2  
  116  7:59  Drone x7  
  116  8:04  Infestor x2  
  127  8:09  Hatchery, Drone  
  127  8:14  Roach x2  
  127  8:17  Overlord  
  131  8:25  Roach x5  
  141  8:30  Roach x3  
  147  8:37  Roach x2  
  147  8:41  Roach  
  153  8:49  Roach x2  
  153  8:50  Ravager  
  153  8:51  Ravager  
  153  8:52  Ravager  
  160  8:58  Roach x4  
  160  9:00  Overlord x2  
  141  9:11  Roach x6  
  141  9:14  Roach  
  138  9:18  Queen x2  
  138  9:19  Drone  
  138  9:20  Drone x3  
  148  9:24  Zerg Missile Weapons Level 2, Zerg Ground Armor Level 2  
  148  9:25  Drone x5  
  148  9:30  Roach x4  
  161  9:33  Overlord x2  
  161  9:34  Ravager x2  
  163  9:41  Overlord, Extractor  
  163  9:42  Extractor  
  159  9:46  Hive  
  159  9:48  Ravager  
  160  9:53  Hatchery, Roach  
  160  9:54  Overlord x2, Burrow  
  160  9:57  Zergling x16  
  169  10:13  Baneling Nest  
  160  10:18  Roach x13  
  184  10:24  Ravager  
  184  10:25  Ravager  
  186  10:30  Drone  
  186  10:31  Drone x3  
  186  10:33  Spore Crawler  
  185  10:43  Zergling x16  
  193  10:54  Overlord  
  193  10:55  Drone  
  193  10:56  Drone x4  
  198  10:59  Adrenal Glands  
  195  11:04  Drone, Ultralisk Cavern  
  195  11:13  Centrifugal Hooks, Drone  
  195  11:14  Drone x4  
  200  11:24  Spore Crawler  
  200  11:25  Spine Crawler  
  198  11:26  Spore Crawler  
  193  11:32  Zergling x2, Roach  
  193  11:33  Zergling x6, Roach x5  
  196  11:44  Ravager x4  
  196  11:46  Zerg Ground Armor Level 3, Zerg Melee Weapons Level 1  
  198  11:47  Baneling x3  
  198  11:50  Hatchery  
  197  11:54  Overlord x2  
  197  11:55  Overseer  
  190  12:08  Chitinous Plating  
  190  12:13  Viper x2  
  190  12:15  Zergling x24  
  197  12:28  Ravager  
  182  12:41  Ultralisk x3  
  196  12:57  Zergling x2, Ultralisk x2  
  196  12:58  Zergling x30  
  199  13:05  Zergling x10, Ultralisk  
  199  13:18  Baneling x12  
  186  13:27  Anabolic Synthesis  
  184  13:38  Zergling x2, Baneling x16  
  184  13:39  Zergling x30  
  199  13:58  Hatchery  
  194  14:04  Zergling x10  
  182  14:19  Zergling x4, Ultralisk x3  
  191  14:26  Zergling x28, Ultralisk  
  194  14:38  Zergling x12  
Show
View Real Time Build Order
Export as new Build Order

Future Terran 

Build Orders: Banshee Rush 

Get SALT Encoding   

  12  0:00  SCV  
  13  0:12  SCV  
  14  0:17  Supply Depot  
  14  0:24  SCV  
  15  0:38  SCV  
  15  0:39  Barracks  
  16  0:44  Refinery  
  16  0:50  SCV  
  16  0:54  Refinery  
  17  1:02  SCV  
  18  1:14  SCV  
  19  1:27  Orbital Command, Reaper  
  20  1:41  Supply Depot  
  20  1:43  Factory  
  20  1:50  Bunker  
  20  1:53  SCV  
  21  1:59  Reaper  
  22  2:05  SCV  
  23  2:17  SCV  
  24  2:27  Factory Reactor  
  24  2:29  SCV  
  25  2:33  Command Center  
  25  2:41  SCV  
  26  2:49  Supply Depot  
  26  2:50  Starport  
  26  2:53  SCV  
  27  3:04  Hellion x2  
  31  3:11  SCV  
  31  3:12  Supply Depot  
  32  3:19  Barracks Tech Lab  
  32  3:23  SCV  
  33  3:28  Hellion  
  33  3:29  Hellion  
  37  3:35  SCV  
  38  3:45  Cloaking Field  
  38  3:46  Banshee  
  38  3:48  SCV  
  42  3:53  Orbital Command  
  42  4:00  SCV  
  42  4:01  Marine  
  42  4:02  Marine  
  44  4:03  Factory Tech Lab  
  45  4:12  SCV  
  46  4:19  Marine  
  46  4:20  Marine, SCV  
  46  4:23  Siege Tank  
  52  4:24  SCV  
  52  4:26  Supply Depot  
  52  4:29  Banshee  
  56  4:32  SCV  
  56  4:36  SCV  
  58  4:38  Marine  
  58  4:39  Marine  
  61  4:45  SCV  
  61  4:48  SCV  
  61  4:51  Supply Depot  
  62  4:55  Siege Tank  
  62  4:58  SCV  
  66  5:00  SCV  
  66  5:02  Marine x2  
  69  5:08  Command Center  
  69  5:10  SCV  
  69  5:12  SCV  
  69  5:13  Supply Depot  
  69  5:23  SCV  
  69  5:24  SCV  
  69  5:26  Starport Reactor  
  69  5:27  Refinery  
  69  5:28  Refinery  
  71  5:31  Marine, Stimpack  
  72  5:39  Engineering Bay  
  72  5:40  SCV x2, Engineering Bay  
  74  5:51  Marine  
  74  5:52  Siege Tank  
  74  5:56  SCV x2  
  80  6:01  Barracks  
  80  6:04  Barracks  
  80  6:08  SCV x2  
  80  6:09  Marine  
  78  6:17  Viking x2  
  80  6:20  Supply Depot, SCV x2, Terran Infantry Weapons Level 1  
  82  6:26  Marine  
  56  6:32  Orbital Command  
  82  6:36  Siege Tank  
  85  6:41  Supply Depot  
  85  6:42  Supply Depot  
  85  6:44  Marine  
  84  6:53  Barracks  
  84  6:54  Barracks  
  84  6:55  Marine x2, Starport Reactor  
  84  6:58  Marine  
  87  7:02  Terran Infantry Armor Level 1  
  87  7:03  Marine  
  87  7:04  Marauder  
  87  7:07  Supply Depot x2  
  90  7:13  Supply Depot  
  89  7:29  Marine x4, SCV x2, Siege Tank, Marauder  
  98  7:33  SCV  
  98  7:34  Supply Depot  
  98  7:36  Supply Depot  
  97  7:40  Marine  
  97  7:42  Marine  
  97  7:44  SCV x2  
  100  7:49  Medivac x2  
  100  7:51  Marine, Marauder  
  98  7:52  Marine x2  
  98  7:53  Marine  
  99  8:00  SCV  
  99  8:01  SCV, Siege Tank, Armory  
  99  8:03  Barracks Tech Lab x2  
  104  8:06  Orbital Command  
  104  8:13  SCV x2  
  104  8:14  Supply Depot  
  104  8:16  Marine, Marauder  
  104  8:17  Supply Depot, Marine  
  110  8:21  Medivac  
  110  8:22  Medivac  
  110  8:25  SCV x2  
  116  8:32  Combat Shield  
  116  8:33  Concussive Shells  
  116  8:35  SCV  
  116  8:37  SCV  
  118  8:42  Marauder x3  
  118  8:43  Marine x2  
  118  8:45  Marine  
  127  8:59  Siege Tank  
  126  9:03  Marauder  
  126  9:07  Marauder x2  
  126  9:09  Marine  
  122  9:10  Marine  
  122  9:13  Marine  
  122  9:16  Medivac x2  
  106  9:21  Refinery, Command Center  
  106  9:22  Terran Infantry Weapons Level 2  
  106  9:25  Terran Infantry Armor Level 2, Marauder  
  106  9:28  Marauder  
  106  9:29  Refinery  
  110  9:34  Terran Vehicle Weapons Level 1, SCV  
  110  9:35  SCV  
  112  9:46  Marauder x2  
  112  9:47  Siege Tank  
  112  9:49  Marauder  
  121  9:54  Marine x4  
  124  10:07  Marauder  
  124  10:10  Marauder  
  124  10:11  Marauder  
  124  10:12  Marine x2  
  132  10:17  Marine  
  132  10:19  Supply Depot, Siege Tank, Factory  
  135  10:28  Medivac  
  135  10:29  Medivac, Marauder  
  141  10:36  Marine x2, Marauder x2  
  141  10:41  Sensor Tower  
  147  10:43  Missile Turret  
  147  10:48  Marine x2  
  149  10:50  Marauder  
  149  10:53  SCV x2  
  149  10:54  Barracks  
  149  10:55  SCV, Barracks  
  149  10:56  Supply Depot x2, Barracks  
  153  11:04  Siege Tank, Factory Tech Lab  
  153  11:09  SCV x3  
  158  11:20  Supply Depot  
  158  11:21  SCV x3  
  155  11:33  SCV  
  155  11:36  Siege Tank  
  155  11:37  Siege Tank  
  155  11:39  SCV  
  154  11:40  SCV  
  154  11:41  Marine  
  154  11:42  Marine, Marauder x3  
  154  11:43  Marine, Barracks Tech Lab x2  
  154  11:45  SCV  
  154  11:46  Missile Turret  
  164  11:52  Terran Infantry Weapons Level 3  
  164  11:56  Terran Infantry Armor Level 3  
  164  12:03  SCV x2  
  164  12:04  SCV  
  164  12:10  Siege Tank x2  
  164  12:15  Medivac x2  
  168  12:27  Marine x3, Marauder x4  
  168  12:28  Barracks Tech Lab  
  179  12:32  Marauder  
  179  12:41  Refinery  
  179  12:43  Refinery  
  179  12:47  Ghost Academy  
  179  12:49  Marauder x2  
  179  12:50  Marauder x2  
  179  12:51  Marauder  
  186  12:53  Marauder  
  187  13:05  Siege Tank x2  
  178  13:08  Marine  
  178  13:10  Marine, Marauder x2  
  178  13:11  Marauder  
  178  13:12  Marauder x2  
  184  13:37  Planetary Fortress  
  184  13:41  Siege Tank x2  
  190  13:46  Command Center  
  190  13:47  Missile Turret  
  190  13:48  Sensor Tower  
  185  14:10  Sensor Tower  
  185  14:11  Command Center x2  
  185  14:13  Missile Turret x2  
  185  14:16  Siege Tank  
  185  14:17  Siege Tank  
  151  14:29  Marauder  
  151  14:30  Marauder  
  136  14:31  Marine, Marauder x2  
Tags
 
Add a new tag
Caveats
  • Supply blocks, unpowered buildings, or Contaminate may cause inaccurate times.
  • Supply counts are checked every 10 seconds.